 Dungeon Crawl Stone Soup version 0.21-a0-404-g291f19a (webtiles) character file.

151 slep the Skirmisher (level 5, -8/47 HPs)
             Began as a Hill Orc Fighter on Oct 29, 2017.
             Killed by divine providence
             ... invoked by an orc priest
              (14 damage)
             ... on level 3 of the Dungeon.
             The game lasted 00:10:17 (1877 turns).

slep the Skirmisher (Hill Orc Fighter)              Turns: 1877, Time: 00:10:17

Health: -8/47      AC: 13    Str: 19    XL:     5   Next: 33%
Magic:  5/5        EV:  5    Int:  8    God:
Gold:   92         SH:  9    Dex: 14    Spells: 4/4 levels left

rFire    . . .     SeeInvis .   a - +0 long sword
rCold    . . .     Gourm    .   c - +0 shield
rNeg     . . .     Faith    .   z - +3 chain mail
rPois    .         Spirit   .   (no helmet)
rElec    .         Reflect  .   (no cloak)
rCorr    .         Harm     .   (no gloves)
MR       .....                  g - +0 pair of boots
Stlth    ..........             (no amulet)
HPRegen  0.15/turn              x - +3 ring of dexterity
MPRegen  0.09/turn              (no ring)

@: no status effects
A: no striking features
a: Convert to Beogh


You were on level 3 of the Dungeon.
You were not hungry.

You visited 1 branch of the dungeon, and saw 3 of its levels.

You collected 92 gold pieces.

Inventory:

Hand Weapons
 a - a +0 long sword (weapon)
 s - a +0 dagger
 u - a +1 falchion of electrocution
Armour
 b - a +0 scale mail
 c - a +0 shield (worn)
 g - a +0 pair of boots (worn)
 z - a +3 chain mail (worn)
Jewellery
 x - a +3 ring of dexterity (left hand)
Scrolls
 e - a scroll of immolation {unknown}
 i - 2 scrolls of identify {unknown}
 k - a scroll of teleportation {unknown}
 m - 5 scrolls of remove curse {unknown}
 n - 2 scrolls of enchant armour {unknown}
 p - a scroll of blinking {unknown}
 t - a scroll of noise {unknown}
 v - a scroll of enchant weapon {unknown}
 y - a scroll of fear {unknown}
Potions
 d - 3 potions of might
 j - a potion of magic {unknown}
 q - a potion of lignification {unknown}
 r - a potion of mutation {unknown}
 w - a potion of heal wounds {unknown}
Comestibles
 f - 3 bread rations
 h - a royal jelly
 l - a fruit
 o - 2 chunks of flesh


   Skills:
 + Level 4.6 Fighting
 + Level 3.7 Long Blades
 + Level 4.3 Armour
 + Level 0.8 Dodging
 + Level 0.1 Stealth
 + Level 3.6 Shields


You had 4 spell levels left.
You didn't know any spells.

Dungeon Overview and Level Annotations

Branches:
Dungeon (3/15)

Altars:
Cheibriados


Message History

Beogh smites you! You block the adder's attack.
Your chain mail prevents you from hitting the adder.
The adder is heavily wounded.
The adder bites you but does no damage. x2
You closely miss the adder.
The adder is heavily wounded.
The adder bites you but does no damage. x2
You closely miss the adder.
The adder is heavily wounded.
You block the adder's attack.
You slash the adder!
You kill the adder!
The orc priest mumbles some strange prayers to Beogh against you.
Beogh smites you!
* * * LOW HITPOINT WARNING * * *
You hit the orc priest.
The orc priest is lightly wounded.
The orc priest invokes the aid of Beogh against you.
Beogh smites you!
You die...

.... #........# #.#
...#. ....
........# #.#
###.#. .... .......
#.#.#..... ....
....o ....#.#...
#### .o. ....<#...
#o# #.#....... #g#
#......... ###o#
#......... #.@.#
.#####.#.
##########.###
#.....#. #
#........#.#
#.#####. #
#........#.# #.# #.
# #........#.# #.#
#.
######........#'###
#.# #.
.....'..≈≈≈.......#
#.# #.
######.≈≈≈≈≈......#
#####.#####. ###
##≈≈.≈≈##...^#
#...........


You could see an orc priest, 2 orcs and a goblin.

Vanquished Creatures
  An orc wizard (D:3)
  5 adders
  A shadow imp (D:2)
  3 dart slugs
  A leopard gecko (D:1)
  9 orcs (D:3)
  2 ball pythons (D:2)
  2 giant cockroaches (D:1)
  5 goblins
  3 hobgoblins
  4 jackals (D:2)
  3 kobolds
  A quokka (D:3)
  4 bats
  4 frilled lizards
  7 rats
55 creatures vanquished.

Notes
Turn   | Place    | Note
-------+----------+-------------------------------------------
     0 | D:1      | slep the Hill Orc Fighter began the quest for the Orb.
     0 | D:1      | Reached XP level 1. HP: 19/19 MP: 1/1
   354 | D:1      | Reached XP level 2. HP: 27/27 MP: 2/2
   882 | D:2      | Reached XP level 3. HP: 33/33 MP: 3/3
  1104 | D:2      | Reached XP level 4. HP: 12/41 MP: 4/4
  1756 | D:3      | Reached XP level 5. HP: 30/47 MP: 5/5
  1835 | D:3      | Found a snail-covered altar of Cheibriados.
  1877 | D:3      | Killed from afar by an orc priest

Vault maps used:
D:1:      kilobyte_arrival_exit_the_forest
D:3:      kennysheep_slug_shrine, first_bread, hangedman_decor_points,
          eino_tiny_chamber

Skill      XL: |  1  2  3  4 |
---------------+-------------+-----
Fighting       | 4 |  4.6
Long Blades    | 3 |  3.7
Armour         | 4 |  4.3
Dodging        | |  0.8
Stealth        | |  0.1
Shields        | |  3.6

Action                   |  1- 3 |  4- 6 || total
-------------------------+-------+-------++-------
Melee: Long sword        |   128 |    92 ||   220
  Eat: Chunk             |     1 |     3 ||     4
Armor: Scale mail        |    74 |    20 ||    94
       Chain mail        |       |    18 ||    18
Dodge: Dodged            |    36 |    16 ||    52
Block: Shield            |    58 |    39 ||    97
       Rpst.: Long sword |     7 |    11 ||    18

Table legend:
 A = Spawn XP
 B = Non-spawn XP
 C = Spawn XP percentage of total XP
 D = Spawn monster count
 E = Non-spawn monster count
 F = Spawn count percentage of total count
 G = Total turns spent on level
                    A         B        C        D         E        F      G
               +---------+---------+-------+---------+---------+-------+---------
         Total |       0 |     217 |   0.0 |       0 |      55 |   0.0 |  1877
               +---------+---------+-------+---------+---------+-------+---------
           D:1 |       0 |      31 |   0.0 |       0 |      17 |   0.0 |  1030
           D:2 |       0 |      78 |   0.0 |       0 |      20 |   0.0 |   457
           D:3 |       0 |     108 |   0.0 |       0 |      18 |   0.0 |   390
               +---------+---------+-------+---------+---------+-------+---------
